[Event "Titled Tuesday Blitz August 17 2021"]
[White "Wachinger, Guenther"]
[Black "Gunina, Valentina"]
[WhiteFideId "4604261"]
[BlackFideId "4167570"]
[WhiteElo "2212"]
[BlackElo "2399"]
[Result "1-0"]
[Round "02"]
[TimeControl "180+1"]
[Date "2021.08.17"]
[WhiteClock "0:00:02"]
[BlackClock "0:00:08"]

1. e4 c6 2. d4 d5 3. f3 e6 4. Nc3 Bb4 5. Bf4 Ne7 6. Qd3 b6 7. Ne2 Ba6 8. Qe3 c5 9. a3 Bxe2 10. Bxe2 Bxc3+ 11. Qxc3 cxd4 12. Bb5+ Nd7 13. Qxd4 O-O 14. O-O-O Rc8 15. Kb1 Rc5 16. a4 a6 17. Bxa6 e5 18. Bxe5 Nc6 19. Qd2 Ncxe5 20. exd5 Qf6 21. Qd4 Qd6 22. Rhe1 Ng6 23. g3 h6 24. f4 Nf6 25. Bc4 Rfc8 26. b3 Rxc4 27. bxc4 Nd7 28. Re3 Qb4+ 29. Qb2 Qxa4 30. Rde1 Ngf8 31. Ra3 Qxc4 32. Rd3 Nc5 33. Rd4 Qa6 34. d6 Na4 35. Qb3 Nc5 36. Qb2 Na4 37. Qb3 b5 38. d7 Rd8 39. Re8 Qb6 40. Rxd8 Qxd8 41. Qd3 Ne6 42. Rd6 Nac5 43. Qxb5 Qc7 44. Qc6 Qb8+ 45. Kc1 Kh7 46. Qd5 Qb4 47. Qf5+ g6 48. Qxf7+ Ng7 49. Qxg6+ 1-0


[Site "https://www.chess.com"]

[Event "Titled Tuesday Blitz August 17 2021"]
[White "Wagh Suyog"]
[Black "Babiy, Olga"]
[WhiteFideId "25071688"]
[BlackFideId "14117258"]
[WhiteElo "2219"]
[BlackElo "2253"]
[Result "1-0"]
[Round "02"]
[TimeControl "180+1"]
[Date "2021.08.17"]
[WhiteClock "0:00:13"]
[BlackClock "0:00:01"]

1. e4 c5 2. Nf3 e6 3. c4 Nc6 4. Nc3 Nd4 5. Nxd4 cxd4 6. Ne2 e5 7. d3 Nf6 8. g3 Bb4+ 9. Bd2 Qa5 10. Bxb4 Qxb4+ 11. Qd2 a5 12. Bg2 d6 13. a3 Qb6 14. O-O a4 15. h3 Nd7 16. f4 Nc5 17. Rad1 f6 18. g4 Be6 19. Ng3 exf4 20. Rxf4 O-O 21. Kh2 Qb3 22. Ne2 Qb6 23. Nxd4 Bf7 24. Nf5 Nb3 25. Qf2 Qc7 26. Kh1 Ra5 27. Rf1 Be6 28. Ne3 Qf7 29. Nd1 Nc5 30. Rf3 Qe7 31. Nc3 Raa8 32. Rg3 h6 33. Kh2 Nd7 34. Bf3 Ne5 35. Bd1 Qc7 36. Bxa4 Nxd3 37. Rxd3 Bxc4 38. Nd5 Qf7 39. Qd2 Bxd3 40. Rc1 Rxa4 41. Qxd3 Raa8 42. Rc7 Qe8 43. Ne7+ Kh8 44. e5 Rf7 45. exd6 Rd8 46. Qd5 Kh7 47. Qf5+ Kh8 48. Qe6 Kh7 49. h4 1-0


[Site "https://www.chess.com"]

[Event "Titled Tuesday Blitz August 17 2021"]
[White "Wagner, Dennis"]
[Black "Abdulla, Murad"]
[WhiteFideId "24650684"]
[BlackFideId "2403757"]
[WhiteElo "2355"]
[BlackElo "2125"]
[Result "1-0"]
[Round "02"]
[TimeControl "180+1"]
[Date "2021.08.17"]
[WhiteClock "0:00:37"]
[BlackClock "0:00:14"]

1. d4 Nf6 2. c4 g6 3. Nc3 d5 4. cxd5 Nxd5 5. e4 Nxc3 6. bxc3 Bg7 7. Qa4+ Bd7 8. Qb3 c5 9. d5 O-O 10. Nf3 b5 11. Bd2 c4 12. Qc2 e6 13. Be2 exd5 14. O-O dxe4 15. Qxe4 Bc6 16. Qg4 Qd7 17. Qh4 Qd8 18. Bg5 f6 19. Rad1 Qe7 20. Rfe1 Qf7 21. Bc1 g5 22. Qg3 h5 23. Nd4 h4 24. Qg4 Bd5 25. Nxb5 Nc6 26. Rxd5 Ne5 27. Rxe5 fxe5 28. Bxc4 1-0


[Site "https://www.chess.com"]

[Event "Titled Tuesday Blitz August 17 2021"]
[White "Yanchenko, Roman"]
[Black "Agibileg, Uurtsaikh"]
[WhiteFideId "4137329"]
[BlackFideId "4901606"]
[WhiteElo "2514"]
[BlackElo "2150"]
[Result "0-1"]
[Round "02"]
[TimeControl "180+1"]
[Date "2021.08.17"]
[WhiteClock "0:00:06"]
[BlackClock "0:00:10"]

1. d4 Nf6 2. c4 e6 3. Nf3 c5 4. Nc3 cxd4 5. Nxd4 Nc6 6. e3 Be7 7. Be2 O-O 8. O-O d5 9. cxd5 Nxd5 10. Nxc6 bxc6 11. Qc2 Qc7 12. Rd1 Bd6 13. h3 Bb7 14. Ne4 Be7 15. b3 c5 16. Bb2 Rac8 17. Bf3 f5 18. Nd2 Rfd8 19. Nc4 Bf6 20. Bxf6 gxf6 21. Qb2 Qg7 22. Rd2 Kh8 23. Rad1 Rc7 24. e4 fxe4 25. Bxe4 Rg8 26. g3 Qh6 27. Nd6 Ba8 28. Nf5 Qg5 29. h4 Qg6 30. Nd6 Qh6 31. Bxd5 Bxd5 32. Rxd5 exd5 33. Rxd5 Qxh4 34. Nf5 Qg5 35. Ne3 Qg6 36. Rf5 Rf7 37. Rf4 Re8 38. Ng4 Kg7 39. Qc1 Re4 40. Rxe4 Qxe4 41. Qh6+ Kh8 42. Qh5 Qe1+ 43. Kh2 Qe6 44. Nh6 Rf8 45. Qxc5 Re8 46. Qh5 Kg7 47. Nf5+ Kh8 48. Ne3 Re7 49. g4 Qe5+ 50. Kg2 Qxh5 51. gxh5 Re5 52. Ng4 Rxh5 53. Nxf6 Ra5 54. a4 Rg5+ 55. Kf1 Rf5 56. Ne4 Rf3 57. Nd2 Rc3 58. Ke2 a5 59. Nc4 Rxb3 60. Nxa5 Rb4 61. Nc6 Rxa4 62. Kf3 Kg7 63. Ne5 Kf6 64. Ng4+ Kg5 65. Ne3 h5 66. Kg2 Kf4 67. Kh3 Ra2 68. Ng2+ Kg5 69. f4+ Kf5 70. Kg3 Ra3+ 71. Kh4 Kg6 72. Ne1 Re3 73. Nc2 Rf3 74. f5+ Rxf5 75. Kg3 Rg5+ 76. Kf3 h4 77. Ne3 Kh5 78. Nf1 h3 79. Kf2 Kh4 80. Kf3 Rg2 81. Ne3 Rg3+ 82. Kf2 Rxe3 83. Kxe3 h2 0-1


[Site "https://www.chess.com"]

[Event "Titled Tuesday Blitz August 17 2021"]
[White "Yashas, D."]
[Black "Batsuren, Dambasuren"]
[WhiteFideId "5030196"]
[BlackFideId "4902920"]
[WhiteElo "2221"]
[BlackElo "2371"]
[Result "1-0"]
[Round "02"]
[TimeControl "180+1"]
[Date "2021.08.17"]
[WhiteClock "0:00:12"]
[BlackClock "0:00:11"]

1. b3 d5 2. Bb2 Bf5 3. Nf3 e6 4. g3 c6 5. Bg2 Nf6 6. d3 h6 7. Nbd2 Nbd7 8. O-O a5 9. a4 Bb4 10. c3 Be7 11. Qc2 O-O 12. e4 dxe4 13. Nxe4 Nd5 14. Rad1 Bh7 15. Rfe1 b5 16. Nd4 Qb6 17. Ra1 Rab8 18. Reb1 b4 19. c4 Bxe4 20. Bxe4 Bf6 21. cxd5 cxd5 22. Nb5 Rfc8 23. Qe2 dxe4 24. dxe4 Bxb2 25. Rxb2 Ne5 26. Rd1 Rd8 27. Rbd2 Rxd2 28. Rxd2 Qc6 29. Kg2 f5 30. Rd6 Qxe4+ 31. Qxe4 fxe4 32. Rxe6 Nd3 33. Rxe4 Rf8 34. Re2 Rc8 35. Re3 Nc5 36. Nd6 Rd8 37. Nc4 Nb7 38. Re7 Nc5 39. Re3 Nb7 40. h4 Rd1 41. Re5 Rb1 42. Rb5 Nd8 43. Rb8 Rd1 44. Nxa5 Kf7 45. Rxb4 Rd2 46. Nc4 Ra2 47. Rb6 Ne6 48. Ne5+ Ke7 49. Ng6+ Kd7 50. Ne5+ Ke7 51. Nf3 Nc5 52. Ne5 Ne4 53. a5 Rxf2+ 54. Kg1 Ra2 55. a6 Nxg3 56. a7 Ne2+ 57. Kf1 Nd4 58. Rb4 Ke6 59. Rxd4 Rxa7 60. Nd3 Ra2 61. b4 Ra4 62. Ke2 Ra3 63. Ke3 g5 64. hxg5 hxg5 65. Rc4 Kd5 66. Rc5+ Kd6 67. Rxg5 Ra8 68. Kd4 Rh8 69. Rg6+ Kc7 70. b5 Rh5 71. Ne5 Kb7 72. Kd5 Rh1 73. Nc4 Rh5+ 74. Kd4 Rh4+ 75. Kc5 Rh5+ 76. Kb4 Rh4 77. Rg7+ Kc8 78. Kc5 Rh6 79. b6 Kb8 80. Nd6 Rh8 81. Kc6 Ka8 82. Nb5 Rc8+ 83. Rc7 Rh8 84. Nd6 Kb8 85. Rd7 Ka8 86. Re7 Kb8 87. Re8+ Rxe8 88. Nxe8 Kc8 89. Nd6+ Kb8 90. Nb5 Kc8 91. Nc7 Kb8 92. Na6+ Kc8 93. b7+ Kd8 94. b8=Q+ Ke7 95. Qe5+ Kf7 96. Kd6 Kg6 97. Qf4 Kg7 98. Qf5 Kh8 99. Qg4 1-0


[Site "https://www.chess.com"]

[Event "Titled Tuesday Blitz August 17 2021"]
[White "Yeletsky, Ivan"]
[Black "Rottenwohrer Suarez, Juan"]
[WhiteFideId "24180327"]
[BlackFideId "32068182"]
[WhiteElo "2344"]
[BlackElo "2158"]
[Result "0-1"]
[Round "02"]
[TimeControl "180+1"]
[Date "2021.08.17"]
[WhiteClock "0:00:02"]
[BlackClock "0:00:16"]

1. Nf3 Nf6 2. c4 g6 3. Nc3 Bg7 4. g3 O-O 5. Bg2 b6 6. Ne5 c6 7. d4 Bb7 8. O-O d6 9. Nd3 Nbd7 10. e4 e5 11. d5 cxd5 12. cxd5 Rc8 13. Nb5 Nc5 14. Nxa7 Ra8 15. Nc6 Bxc6 16. dxc6 Ncxe4 17. Nb4 Rc8 18. Re1 Nc5 19. Bg5 h6 20. Bxf6 Bxf6 21. Nd5 Bg7 22. c7 Rxc7 23. Nxc7 Qxc7 24. Rc1 Qb8 25. Bd5 Kh7 26. b4 Nd7 27. a4 f5 28. Rc6 e4 29. Kg2 Ne5 30. Rxd6 Nd3 31. Rd7 Rd8 32. Rxd8 Qxd8 33. Bc6 Qd4 34. Rf1 Qxb4 35. Bb5 Ne5 36. Qd5 h5 37. h3 Qc3 38. Rd1 h4 39. g4 Qf3+ 40. Kg1 Qxh3 41. Be2 Nf3+ 42. Bxf3 exf3 0-1


[Site "https://www.chess.com"]

[Event "Titled Tuesday Blitz August 17 2021"]
[White "Yilmaz, Mustafa"]
[Black "Kravtsiv, Martyn"]
[WhiteFideId "6302718"]
[BlackFideId "14113147"]
[WhiteElo "2518"]
[BlackElo "2680"]
[Result "0-1"]
[Round "02"]
[TimeControl "180+1"]
[Date "2021.08.17"]
[WhiteClock "0:00:01"]
[BlackClock "0:00:24"]

1. e4 e5 2. Nf3 Nc6 3. Bb5 a6 4. Ba4 Nf6 5. O-O Be7 6. Re1 b5 7. Bb3 d6 8. c3 O-O 9. h3 Bb7 10. d4 exd4 11. cxd4 Na5 12. Bc2 c5 13. d5 Re8 14. Nbd2 Bf8 15. Nf1 g6 16. Ng3 Bg7 17. Bf4 Nc4 18. Rb1 Nd7 19. Qc1 Nce5 20. Nh2 c4 21. Bh6 Nc5 22. Bxg7 Kxg7 23. Ng4 Nxg4 24. hxg4 Bc8 25. g5 f6 26. gxf6+ Qxf6 27. b3 cxb3 28. axb3 b4 29. Re3 Bg4 30. Qd2 a5 31. Bd1 Bd7 32. Rc1 Rac8 33. f3 Qg5 34. Kf2 Kg8 35. Ra1 Ra8 36. Rc1 h5 37. Nf1 Rf8 38. Kg1 h4 39. Kh2 Qe5+ 40. Kh1 Rf7 41. Qe1 g5 42. Qd2 Rh7 43. Nh2 Rf7 44. Re1 Kg7 45. Qe3 Qf4 46. Qxf4 gxf4 47. Ra1 Nd3 48. Re2 Bb5 49. Rea2 a4 50. bxa4 Bc4 51. Rd2 Nc5 52. Rb1 b3 53. Rd4 Rxa4 54. Ng4 Rfa7 55. e5 Ra1 56. Rxa1 Rxa1 57. Kh2 b2 58. Bc2 Bb3 59. Bf5 Rd1 60. Rb4 Bxd5 61. exd6 Bb3 62. d7 Rxd7 63. Ne5 Rd1 0-1


[Site "https://www.chess.com"]

[Event "Titled Tuesday Blitz August 17 2021"]
[White "Yoo, Christopher Woojin"]
[Black "Giroyan, Gary"]
[WhiteFideId "30909694"]
[BlackFideId "680281"]
[WhiteElo "2105"]
[BlackElo "2420"]
[Result "1-0"]
[Round "02"]
[TimeControl "180+1"]
[Date "2021.08.17"]
[WhiteClock "0:00:56"]
[BlackClock "0:00:11"]

1. e4 c5 2. Nf3 d6 3. Nc3 e6 4. g3 a6 5. Bg2 b5 6. O-O Bb7 7. d4 Be7 8. e5 cxd4 9. exd6 dxc3 10. dxe7 Qxd1 11. Rxd1 Nxe7 12. bxc3 Nd5 13. c4 bxc4 14. Rb1 Bc8 15. Ba3 Nc6 16. Nd2 Nd4 17. Nxc4 Ne2+ 18. Kh1 Nec3 19. Nd6+ Kd7 20. Nxf7 Re8 21. Nd6 Rf8 22. Ne4 Nxe4 23. Bxe4 Rxf2 24. c4 Rxa2 25. cxd5 1-0


[Site "https://www.chess.com"]

[Event "Titled Tuesday Blitz August 17 2021"]
[White "Yordanov, Nikolay Plamenov"]
[Black "Weetik, Vjacheslav"]
[WhiteFideId "2907445"]
[BlackFideId "4153472"]
[WhiteElo "2248"]
[BlackElo "2469"]
[Result "0-1"]
[Round "02"]
[TimeControl "180+1"]
[Date "2021.08.18"]
[WhiteClock "0:00:10"]
[BlackClock "0:00:06"]

1. d4 d5 2. Bf4 Nf6 3. e3 c5 4. c3 Nc6 5. Bd3 Qb6 6. b3 g6 7. Nf3 Bg7 8. h3 O-O 9. O-O Nd7 10. Nbd2 e5 11. dxe5 Ndxe5 12. Nxe5 Nxe5 13. Be2 Bf5 14. Rc1 Rad8 15. Nf3 Nc6 16. Bd3 Be6 17. Qe2 h6 18. Rfd1 Rfe8 19. Bb5 a6 20. Bxc6 Qxc6 21. Be5 f6 22. Bg3 Bf7 23. Qc2 Re4 24. Nd2 Re7 25. Nf3 Red7 26. Nh4 Kh7 27. Rd2 Qe6 28. Rcd1 f5 29. Nf3 Bf6 30. h4 Kg7 31. c4 dxc4 32. Rxd7 Rxd7 33. Rxd7 Qxd7 34. bxc4 Qe6 35. Nd2 Qb6 36. Nf3 Qb2 37. Qxb2 Bxb2 38. Be5+ Bxe5 39. Nxe5 b5 40. Kf1 Be6 41. Ke1 Kf6 42. Nd3 Bxc4 43. Nxc5 a5 44. a3 Ke5 45. Kd2 Bf1 46. g3 b4 47. axb4 axb4 48. f3 Bb5 49. Nd3+ Bxd3 50. Kxd3 Kd5 51. Kd2 Kc4 52. Kc2 b3+ 53. Kb2 Kd3 54. g4 fxg4 55. e4 gxf3 56. e5 f2 57. e6 f1=Q 58. e7 Qe2+ 59. Kxb3 Qxe7 0-1


[Site "https://www.chess.com"]

[Event "Titled Tuesday Blitz August 17 2021"]
[White "Zaksaite, Salomeja"]
[Black "Rakhmanov, Aleksandr"]
[WhiteFideId "12801496"]
[BlackFideId "4173708"]
[WhiteElo "2002"]
[BlackElo "2498"]
[Result "1/2-1/2"]
[Round "02"]
[TimeControl "180+1"]
[Date "2021.08.18"]
[WhiteClock "0:00:05"]
[BlackClock "0:00:23"]

1. e4 c5 2. Nf3 Nf6 3. Nc3 d5 4. exd5 Nxd5 5. Bb5+ Bd7 6. Qe2 Nb4 7. Bxd7+ Qxd7 8. d3 N8c6 9. a3 Nd5 10. Ne4 e6 11. Bd2 Be7 12. O-O O-O 13. c4 Nf6 14. Bc3 Rfd8 15. Nxf6+ Bxf6 16. Bxf6 gxf6 17. Rad1 Qd6 18. Rfe1 Rd7 19. Rd2 Rad8 20. Red1 b6 21. h3 Qf4 22. Qe3 Qf5 23. d4 Kg7 24. dxc5 Rxd2 25. Rxd2 Rxd2 26. Nxd2 bxc5 27. Ne4 Nd4 28. b4 Nc2 29. Qg3+ Kf8 30. Nxc5 e5 31. b5 Nd4 32. Qg4 Qb1+ 33. Kh2 f5 34. Qg5 Ne2 35. Qd8+ Kg7 36. Qg5+ Kf8 37. Qd8+ Kg7 38. Qg5+ Kf8 1/2-1/2


[Site "https://www.chess.com"]

[Event "Titled Tuesday Blitz August 17 2021"]
[White "Zhigalko, Sergei"]
[Black "Kononenko, Dmitry"]
[WhiteFideId "13502956"]
[BlackFideId "14113538"]
[WhiteElo "2662"]
[BlackElo "2276"]
[Result "1-0"]
[Round "02"]
[TimeControl "180+1"]
[Date "2021.08.17"]
[WhiteClock "0:00:05"]
[BlackClock "0:00:05"]

1. e4 c6 2. d4 d5 3. e5 Bf5 4. Nf3 e6 5. Be2 Ne7 6. O-O c5 7. dxc5 Nec6 8. Be3 Nd7 9. c4 dxc4 10. Na3 Bxc5 11. Nxc4 O-O 12. Qc1 Bg6 13. Bxc5 Nxc5 14. Qe3 Nd7 15. Rfd1 Qc7 16. Rac1 Rfd8 17. h3 h6 18. a3 Nb6 19. Nd6 Nd5 20. Qc5 Qe7 21. b4 Nxe5 22. Nxe5 Qxd6 23. Qxd6 Rxd6 24. Nxg6 fxg6 25. Rc7 Rb6 26. Rd7 Nc3 27. R1d2 Nxe2+ 28. Rxe2 Rf8 29. Rc2 Rc6 30. Rxc6 bxc6 31. Rxa7 Rd8 32. Rc7 Rd3 33. Rxc6 Rxa3 34. Rxe6 Rb3 35. Re4 Kf7 36. Kf1 Rb2 37. g3 g5 38. Kg2 Kf6 39. Rc4 Rb3 40. h4 gxh4 41. Rxh4 Kf5 42. Rc4 Kf6 43. Rc6+ Kf5 44. Rc5+ Ke6 45. Rb5 Kf6 46. Rb8 Kg5 47. b5 g6 48. b6 h5 49. b7 Rb2 50. Kh3 Rxf2 51. Rc8 Rb2 52. b8=Q Rxb8 53. Rxb8 h4 54. Rb5+ Kh6 55. Kxh4 1-0


[Site "https://www.chess.com"]

[Event "Titled Tuesday Blitz August 17 2021"]
[White "davigator"]
[Black "Hambleton, Aman"]
[BlackFideId "2606577"]
[WhiteElo "2337"]
[BlackElo "2552"]
[Result "1-0"]
[Round "02"]
[TimeControl "180+1"]
[Date "2021.08.18"]
[WhiteClock "0:01:20"]
[BlackClock "0:00:03"]

1. e4 b6 2. d4 Bb7 3. Nc3 e6 4. a3 g6 5. Be3 Bg7 6. Qd2 h6 7. O-O-O d6 8. h4 a6 9. h5 g5 10. f3 b5 11. Nge2 Nd7 12. Ng3 Nb6 13. Bd3 Ne7 14. Kb1 d5 15. e5 Nc4 16. Bxc4 dxc4 17. f4 gxf4 18. Bxf4 Nd5 19. Nce4 Qe7 20. c3 O-O-O 21. Nc5 f6 22. exf6 Bxf6 23. Rde1 Nxf4 24. Qxf4 Bg5 25. Qe5 Bxg2 26. Rhg1 Bb7 27. Nxb7 Kxb7 28. Ne4 Rhe8 29. Nc5+ Kb6 30. a4 Rd6 31. a5+ Kxa5 32. Nb7+ Kb6 33. Nxd6 cxd6 34. Qe4 a5 35. d5 e5 36. Rgf1 Qc7 37. Qg6 b4 38. Qxe8 bxc3 39. Qc6+ Qxc6 40. dxc6 Kxc6 41. bxc3 Bd2 42. Rc1 Bxc1 43. Kxc1 Kd5 44. Rf6 a4 45. Rxh6 a3 46. Rh8 Ke4 47. h6 a2 48. Kb2 d5 49. h7 d4 50. cxd4 exd4 51. Re8+ 1-0


[Site "https://www.chess.com"]

[Event "Titled Tuesday Blitz August 17 2021"]
[White "gurelediz"]
[Black "Koellner, Ruben Gideon"]
[BlackFideId "12993093"]
[WhiteElo "2711"]
[BlackElo "2488"]
[Result "0-1"]
[Round "02"]
[TimeControl "180+1"]
[Date "2021.08.17"]
[WhiteClock "0:00:04"]
[BlackClock "0:00:07"]

1. e4 d6 2. d4 Nf6 3. Nc3 e5 4. dxe5 dxe5 5. Qxd8+ Kxd8 6. Bc4 Be6 7. Bxe6 fxe6 8. f3 Bd6 9. Nh3 Ke7 10. Be3 a6 11. O-O-O Nbd7 12. Nf2 b5 13. Nd3 Rhb8 14. Ne2 c5 15. f4 c4 16. fxe5 Nxe5 17. Nxe5 Bxe5 18. Bc5+ Kf7 19. Bd6 Bxd6 20. Rxd6 Nxe4 21. Rd7+ Kg8 22. Nf4 Nc5 23. Re7 Re8 24. Rc7 Rac8 25. Ra7 Rf8 26. g3 Rf7 27. Rxf7 Kxf7 28. Rf1 Ke7 29. Re1 Kd6 30. Rd1+ Kc6 31. Re1 Re8 32. Nh5 Re7 33. g4 e5 34. Ng3 g6 35. Rf1 e4 36. Kd2 Kd5 37. Ke3 Ke5 38. Rf8 Nd7 39. Rc8 Nf6 40. h3 Nd5+ 41. Ke2 Nf4+ 42. Ke3 Nd5+ 43. Ke2 Rf7 44. Re8+ Ne7 45. Ra8 Rf3 46. Nf1 Nd5 47. Rxa6 Nf4+ 48. Ke1 Ng2+ 49. Ke2 Nf4+ 50. Ke1 Nxh3 51. Ra5 Kf4 52. Rxb5 Ng5 53. a4 h5 54. gxh5 gxh5 55. a5 e3 56. a6 Rf2 57. Rxg5 Kxg5 58. Nxe3 Rf8 59. Nxc4 Ra8 60. b4 Rxa6 61. b5 Ra1+ 62. Kd2 h4 63. b6 Rb1 64. Ne5 h3 65. c4 Kf4 66. Nd3+ Kg3 67. c5 h2 68. Nf2 Kxf2 69. c6 h1=Q 70. c7 Qe1+ 71. Kd3 Qd1+ 72. Ke4 Qe2+ 73. Kd5 Qb5+ 74. Ke4 Qxb6 75. c8=Q Qe3+ 76. Kd5 Rd1+ 77. Kc6 Rc1+ 78. Kb7 Rxc8 79. Ka6 Kf3 80. Kb7 Qe7+ 81. Ka6 Rd8 82. Kb5 Rd6 83. Kc4 Qe5 84. Kb3 Rd4 85. Kb2 Qe2+ 86. Kb1 Rd1# 0-1


[Site "https://www.chess.com"]

[Event "Titled Tuesday Blitz August 17 2021"]
[White "volunteers1998"]
[Black "Real De Azua, Ernesto"]
[BlackFideId "108154"]
[WhiteElo "2232"]
[BlackElo "2476"]
[Result "1/2-1/2"]
[Round "02"]
[TimeControl "180+1"]
[Date "2021.08.18"]
[WhiteClock "0:00:23"]
[BlackClock "0:00:06"]

1. e4 c6 2. d4 d5 3. e5 Bf5 4. Nc3 a6 5. g4 Bd7 6. Be3 e6 7. f4 h5 8. g5 g6 9. Nf3 Qc7 10. Bd3 c5 11. dxc5 Bxc5 12. Qd2 Ne7 13. O-O-O Bxe3 14. Qxe3 Nbc6 15. Kb1 O-O 16. Nd4 Nxd4 17. Qxd4 Rfc8 18. Rhe1 b5 19. Ne2 a5 20. c3 Qb7 21. Rc1 b4 22. cxb4 axb4 23. Rxc8+ Rxc8 24. Rc1 Rxc1+ 25. Kxc1 Bb5 26. Qxb4 Qc7+ 27. Kd2 Bxd3 28. Kxd3 Nf5 29. a4 Qa7 30. Nd4 Qa6+ 31. Qb5 Qc8 32. Nxf5 gxf5 33. a5 Qc1 34. Ke2 Qc2+ 35. Ke3 Qe4+ 36. Kd2 Qxf4+ 37. Kc2 Qe4+ 38. Kb3 Qe3+ 39. Ka2 Qxe5 40. a6 Qd4 41. Qb7 Qa4+ 42. Kb1 Qd1+ 43. Ka2 Qa4+ 44. Kb1 Qd1+ 45. Ka2 Qa4+ 1/2-1/2


[Site "https://www.chess.com"]

[Event "Titled Tuesday Blitz August 17 2021"]
[White "Adury, Anant"]
[Black "AleksanderHnydiuk"]
[WhiteFideId "30964687"]
[WhiteElo "2306"]
[BlackElo "2606"]
[Result "0-1"]
[Round "03"]
[TimeControl "180+1"]
[Date "2021.08.17"]
[WhiteClock "0:01:13"]
[BlackClock "0:00:40"]

1. d4 Nf6 2. Nc3 d5 3. Bf4 c5 4. e3 cxd4 5. exd4 a6 6. Bd3 Nc6 7. Nce2 Bg4 8. c3 e6 9. Qd2 Bd6 10. Bxd6 Qxd6 11. Ng3 O-O 12. h3 Bh5 13. Nxh5 Nxh5 14. Ne2 b5 15. O-O b4 16. Qg5 Nf6 17. Ng3 Rab8 18. f4 bxc3 19. bxc3 Qa3 20. Rac1 Nxd4 21. f5 e5 22. cxd4 Qxd3 23. dxe5 Qd4+ 24. Kh1 Qxe5 25. Nh5 Nxh5 26. Qxh5 Rb2 27. Qf3 Qe4 28. Qxe4 dxe4 29. Rce1 Re8 30. Rf4 Rxa2 31. Rfxe4 Rxe4 32. Rxe4 Kf8 33. Kh2 Rb2 34. Ra4 Rb6 35. g4 Ke7 36. Kg3 Kd6 37. Rd4+ Kc6 38. Re4 Rb7 39. Kf4 a5 40. g5 Ra7 41. h4 a4 42. h5 a3 43. Re1 a2 44. Ra1 Kd5 45. f6 gxf6 46. gxf6 h6 47. Kf5 Ra5 0-1


[Site "https://www.chess.com"]

[Event "Titled Tuesday Blitz August 17 2021"]
[White "Agibileg, Uurtsaikh"]
[Black "Abdurakhmonov, Mukhammadali"]
[WhiteFideId "4901606"]
[BlackFideId "14207346"]
[WhiteElo "2150"]
[BlackElo "2266"]
[Result "1-0"]
[Round "03"]
[TimeControl "180+1"]
[Date "2021.08.17"]
[WhiteClock "0:00:08"]
[BlackClock "0:00:02"]

1. d4 Nf6 2. c4 g6 3. Nc3 c5 4. d5 Bg7 5. e4 d6 6. Nf3 O-O 7. h3 e6 8. Bd3 Nbd7 9. Bf4 exd5 10. cxd5 Re8 11. O-O c4 12. Bc2 Nc5 13. Re1 a6 14. a4 Rb8 15. Bh2 Qb6 16. Rb1 Nfd7 17. Qe2 Nd3 18. Bxd3 cxd3 19. Qxd3 Nc5 20. Qc2 a5 21. Nb5 Bd7 22. Bxd6 Rbc8 23. Rbc1 Nxa4 24. Qxa4 Bxb5 25. Qa3 Rxc1 26. Rxc1 Rxe4 27. Bc7 Qa6 28. d6 Bd7 29. Qxa5 Bxb2 30. Rb1 Re2 31. Qd5 Qc6 32. Qd3 Qc2 33. Qxc2 Rxc2 34. Re1 Bf6 35. Ne5 Bxe5 36. Rxe5 Rd2 37. Re4 Bc6 38. Rb4 b5 39. Rb3 f5 40. Rc3 Bd7 41. Kf1 Kf7 42. Ke1 Rd4 43. Rb3 b4 44. f3 Be6 45. Rb2 b3 46. Rd2 Rc4 47. d7 Bxd7 48. Rxd7+ Ke8 49. Rd8+ Ke7 50. Rb8 Rc1+ 51. Kf2 Rxc7 52. Rxb3 Kf6 53. f4 Rc2+ 54. Kf3 Ra2 55. Rb6+ Kg7 56. Kg3 Ra3+ 57. Kh4 Re3 58. Rb7+ Kg8 59. Kg5 Rg3+ 60. Kf6 h5 61. Rg7+ Kf8 62. Rxg6 Ra3 63. Kxf5 1-0


[Site "https://www.chess.com"]

[Event "Titled Tuesday Blitz August 17 2021"]
[White "Alavi, Sayed Javad"]
[Black "Gerzhoy, Leonid"]
[WhiteFideId "12500607"]
[BlackFideId "2806126"]
[WhiteElo "2495"]
[BlackElo "2523"]
[Result "0-1"]
[Round "03"]
[TimeControl "180+1"]
[Date "2021.08.17"]
[WhiteClock "0:02:21"]
[BlackClock "0:02:04"]

1. Nf3 Nf6 2. c4 d6 3. d4 Nbd7 4. Nc3 e5 5. e4 Be7 6. Be2 O-O 7. O-O c6 8. Qc2 a6 9. Rd1 Qc7 10. b4 Re8 11. a3 Nf8 12. h3 Ng6 13. Be3 Bf8 14. Rac1 Nf4 15. Bxf4 0-1


[Site "https://www.chess.com"]

[Event "Titled Tuesday Blitz August 17 2021"]
[White "Alekseenko, Kirill"]
[Black "Mirzanurov, Bulat"]
[WhiteFideId "4135539"]
[BlackFideId "4184521"]
[WhiteElo "2580"]
[BlackElo "2208"]
[Result "1-0"]
[Round "03"]
[TimeControl "180+1"]
[Date "2021.08.17"]
[WhiteClock "0:01:51"]
[BlackClock "0:00:38"]

1. b3 d5 2. Bb2 c6 3. Nf3 Bf5 4. d3 Nf6 5. Nbd2 h6 6. g3 e6 7. Bg2 Be7 8. O-O Nbd7 9. Qe1 O-O 10. e4 Bh7 11. Qe2 Re8 12. Rad1 Nb6 13. h4 c5 14. Rfe1 d4 15. Rf1 a5 16. a4 Nfd7 17. Bc1 e5 18. Nh2 Rf8 19. h5 f5 20. exf5 Bxf5 21. Bxb7 Rb8 22. Be4 Bh3 23. Bg2 Be6 24. Ne4 Bd5 25. f4 exf4 26. Bxf4 Rc8 27. Rde1 Re8 28. Qg4 Bxe4 29. Bxe4 Nf6 30. Qe6+ Kh8 31. Bg6 Rf8 32. Qxe7 Qd5 33. Bxh6 gxh6 34. Rxf6 Rg8 35. Qh7# 1-0


[Site "https://www.chess.com"]

[Event "Titled Tuesday Blitz August 17 2021"]
[White "AlexOstrovskiy"]
[Black "Gedajlovic, Max"]
[BlackFideId "2616840"]
[WhiteElo "2822"]
[BlackElo "2137"]
[Result "1-0"]
[Round "03"]
[TimeControl "180+1"]
[Date "2021.08.17"]
[WhiteClock "0:00:19"]
[BlackClock "0:00:12"]

1. d4 Nf6 2. Bf4 e6 3. e3 c5 4. Nf3 d5 5. Nbd2 cxd4 6. exd4 Nh5 7. Be3 Bd6 8. g3 Nf6 9. h3 Nc6 10. Bg2 O-O 11. O-O h6 12. Re1 b6 13. c3 Bd7 14. Nf1 Rc8 15. N3d2 b5 16. a3 a5 17. b4 a4 18. Nh2 Ne7 19. Rc1 Nf5 20. Bf1 Be7 21. Ng4 Nxg4 22. hxg4 Nd6 23. Bd3 f6 24. Bb1 Be8 25. Bf4 f5 26. Rxe6 Bf7 27. Re1 Bg6 28. Qe2 Re8 29. gxf5 Bg5 30. Qg4 Bxf4 31. Qxf4 Bf7 32. Rxe8+ Nxe8 33. Nf3 Nf6 34. Ne5 Qc7 35. Qf3 Re8 36. Ba2 Kf8 37. Re1 Qd6 38. Re3 Bg8 39. Qf4 Bf7 40. Ng6+ 1-0


[Site "https://www.chess.com"]

[Event "Titled Tuesday Blitz August 17 2021"]
[White "Aslanov, Umid"]
[Black "Yaran, Siar"]
[WhiteFideId "13412620"]
[BlackFideId "6323006"]
[WhiteElo "1796"]
[BlackElo "1977"]
[Result "0-1"]
[Round "03"]
[TimeControl "180+1"]
[Date "2021.08.18"]
[WhiteClock "0:00:27"]
[BlackClock "0:00:21"]

1. e4 e5 2. Nf3 Nc6 3. Bc4 Bc5 4. c3 Nf6 5. d3 a6 6. a4 Ba7 7. O-O d6 8. Nbd2 O-O 9. h3 Re8 10. Re1 Be6 11. Bb3 h6 12. Bc2 d5 13. Qe2 Qd7 14. Nf1 Rad8 15. Ng3 Qc8 16. Nh4 dxe4 17. dxe4 Ne7 18. Qf3 Nh7 19. Nh5 Ng5 20. Qg3 f6 21. Nf3 Bf7 22. Nxg7 Kxg7 23. h4 Ng6 24. hxg5 hxg5 25. Be3 Bxe3 26. Rxe3 Rh8 27. Nh2 Rh4 28. Rae1 Rdh8 29. Rf3 Nf4 30. Rxf4 exf4 31. Qd3 Rxh2 32. f3 Rh1+ 33. Kf2 Rxe1 34. Kxe1 Rd8 35. Qe2 Qe6 36. Kf2 Qb6+ 37. Kf1 Rh8 38. Qd3 Rh1+ 39. Ke2 Rg1 40. e5 Rxg2+ 41. Ke1 Qg1+ 42. Qf1 Qxf1+ 43. Kxf1 Rxc2 0-1


[Site "https://www.chess.com"]